 Dungeon Crawl Stone Soup version 0.27.1 (webtiles) character file.

Game seed: 5962696911080619633

431 hawla the Covert (level 6, -4/36 (39) HPs)
             Began as a Deep Elf Delver on Aug 31, 2021.
             Was a Believer of Ashenzari.
             Slain by an ice beast (14 damage)
             ... on level 4 of the Dungeon.
             The game lasted 00:19:52 (4738 turns).

hawla the Covert (Deep Elf Delver)                  Turns: 4738, Time: 00:19:52

HP:   -4/36 (39)    AC:  6    Str:  9    XL:     6   Next: 67%
MP:   9/9           EV: 14    Int: 23    God:    Ashenzari [**....]
Gold: 138           SH:  0    Dex: 16    Spells: 2/7 levels left

rFire    . . .     SeeInvis +   a - +0 short sword "Shackled Together" {Fort, Evo} (curse)
rCold    . . .     Faith    .   (no shield)
rNeg     . . .     Spirit   .   p - +0 robe of Star-Bound Wisdom {Evo, Self} (curse)
rPois    .         Reflect  .   (no helmet)
rElec    .         Harm     .   (no cloak)
rCorr    .         Rampage  .   (no gloves)
Will     .....                  (no boots)
Stlth    ++++......             (no amulet)
HPRegen  0.12/turn              h - ring of the Cursed Anxiety {AC+4, Evo, Comp} (curse)
MPRegen  0.11/turn              k - ring of Supernal Wisdom {Int+6, Cun, Bglg} (curse)

@: hasted, drained, very quick
A: no striking features
a: Renounce Religion, Shatter the Chains


You were on level 4 of the Dungeon.
You worshipped Ashenzari.
Ashenzari was pleased with you.
You visited 1 branch of the dungeon, and saw 5 of its levels.

You collected 138 gold pieces.

Inventory:

Hand Weapons
 a - the cursed +0 short sword "Shackled Together" (weapon) {Fort, Evo}

   It has a curse which improves the following skills: Fortitude: Armour and
   Shields.
   Evocations: Evocations.
 b - a +8 quick blade
 j - a +1 short sword of holy wrath
Missiles
 m - 6 poisoned darts
 o - 2 boomerangs (quivered)
Armour
 p - the cursed +0 robe of Star-Bound Wisdom (worn) {Evo, Self}
   (You found it on level 3 of the Dungeon)

   It has a curse which improves the following skills: Evocations: Evocations.
   Introspection: Fighting and Spellcasting.
Jewellery
 h - the cursed ring of the Cursed Anxiety (left hand) {AC+4, Evo, Comp}
   (You found it on level 1 of the Dungeon)

   [ring of protection]

   AC:        It affects your AC (+4).
   It has a curse which improves the following skills: Evocations: Evocations.
   Companions: Summonings and Necromancy.
 k - the cursed ring of Supernal Wisdom (right hand) {Int+6, Cun, Bglg}
   (You found it on level 2 of the Dungeon)

   [ring of intelligence]

   Int:       It affects your intelligence (+6).
   It has a curse which improves the following skills: Cunning: Dodging and
   Stealth.
   Beguiling: Conjurations, Hexes and Translocations.
Wands
 g - a wand of digging (2)
Scrolls
 c - a scroll of fog
 i - a scroll of teleportation
 l - a scroll of amnesia
Potions
 d - 2 potions of cancellation
 e - a potion of heal wounds
 f - a potion of haste


   Skills:
 + Level 3.2(4.5) Fighting
 + Level 4.0 Short Blades
 + Level 1.4 Throwing
 - Level 3.6(5.0) Dodging
 + Level 8.0(9.5) Stealth
 - Level 0.4(1.0) Shields
 - Level 0.5(1.2) Spellcasting
 - Level 0.4(1.0) Conjurations
 - Level 0.4(1.0) Necromancy
 + Level 0.4 Earth Magic
 - Level 0.5(1.8) Evocations


You had 2 spell levels left.
You knew the following spells:

 Your Spells              Type           Power      Damage    Failure   Level
a - Agony                 Necr           6%         N/A       94%         5

Your spell library contained the following spells:

 Spells                   Type           Power      Damage    Failure   Level
 Pain                     Necr           24%        1d5       9%          1
 Gell's Gravitas          Tloc           1%         N/A       36%         3
 Lesser Beckoning         Tloc           1%         N/A       36%         3
 Teleport Other           Tloc           2%         N/A       36%         3
 Excruciating Wounds      Necr           3%         N/A       94%         5
 Iskenderun's Battlesphe  Conj           6%         2d6       94%         5
 Iron Shot                Conj/Erth      2%         9d2       100%        6
 Spellforged Servitor     Conj/Summ      2%         N/A       100%        7


Dungeon Overview and Level Annotations

Branches:
Dungeon (5/15)
 Temple: D:4-7

Altars:
Ashenzari
Cheibriados


Message History

You barely miss the ice beast.
The ice beast is lightly wounded.
The ice beast hits you but does no damage.
You hit the ice beast.
The ice beast is moderately wounded.
The ice beast hits you but does no damage.
You hit the ice beast but do no damage.
The ice beast is moderately wounded.
The ice beast completely misses you.
You barely miss the ice beast.
The ice beast is moderately wounded.
The ice beast closely misses you.
You closely miss the ice beast.
The ice beast is moderately wounded.
The ice beast hits you. The ice beast freezes you!
You barely miss the ice beast.
The ice beast is moderately wounded.
The ice beast completely misses you.
You hit the ice beast but do no damage.
The ice beast is moderately wounded.
The ice beast closely misses you.
You hit the ice beast but do no damage.
The ice beast is moderately wounded.
The ice beast misses you.
You closely miss the ice beast.
The ice beast is moderately wounded.
You barely miss the ice beast.
The ice beast is moderately wounded.
The ice beast hits you but does no damage.
You hit the ice beast.
The ice beast is moderately wounded.
The ice beast completely misses you.
You closely miss the ice beast.
The ice beast is moderately wounded.
The ice beast hits you. The ice beast freezes you!
Okay, then.
You feel yourself speed up. The ice beast hits you.
* * * LOW HITPOINT WARNING * * *
The ice beast freezes you!
You die...

**, *
#....##.#.)....... , ,
,#.##..#.#.....?...*
..###.#..........#
.........รท....$...# *
#................# *
#####.##...#####* , * *
#.##.......#### , , ##
#...Y..##.....## , #
.,##..@...........## ,
*.##
*#.#......(.........# .
...#*
#.#................##>.
##.....
#..>...................
.......
###....................
# #........(...<.......
# *
#)................... #
##..............##...
### ##.....##.....## ..


You could see an ice beast.

Vanquished Creatures
  Sigmund (D:4)
  A necrophage (D:4)
  A water moccasin skeleton (D:3)
  3 adders
  4 gnolls
  2 worms (D:2)
  A dart slug (D:2)
  3 endoplasms
  3 giant cockroaches
  9 goblins
  4 hobgoblins
  11 jackals (D:1)
  4 quokkas
  3 ball pythons
  6 bats
  6 frilled lizards
  3 kobolds
  5 rats
70 creatures vanquished.

Notes
Turn   | Place    | Note
-------+----------+-------------------------------------------
     0 | D:5      | hawla the Deep Elf Delver began the quest for the Orb.
     0 | D:5      | Reached XP level 1. HP: 13/13 MP: 3/3
     8 | D:5      | Noticed a hornet
    21 | D:4      | Noticed an ice beast
    82 | D:4      | Noticed a necrophage
   206 | D:3      | Found a broken altar of Ashenzari.
   214 | D:3      | Became a worshipper of Ashenzari the Shackled
   245 | D:3      | Found a snail-covered altar of Cheibriados.
   278 | D:3      | Reached XP level 2. HP: 18/18 MP: 4/4
   659 | D:1      | Found Irghiozaa's Assorted Antiques.
   906 | D:1      | Reached XP level 3. HP: 22/22 MP: 5/5
  1845 | D:1      | Found a faded altar of an unknown god.
  2391 | D:2      | Reached * piety under Ashenzari
  2559 | D:2      | Reached XP level 4. HP: 27/27 MP: 6/6
  2609 | D:2      | Reached ** piety under Ashenzari
  2637 | D:2      | Reached skill level 7 in Stealth
  2648 | D:2      | Identified a scroll of acquirement
  3573 | D:3      | Reached XP level 5. HP: 32/32 MP: 7/7
  4350 | D:3      | Acquired a +8 quick blade
  4363 | D:4      | Noticed Sigmund
  4364 | D:4      | Killed Sigmund
  4365 | D:4      | Reached skill level 1 in Throwing
  4365 | D:4      | Reached XP level 6. HP: 39/39 MP: 8/8
  4406 | D:3      | Learned a level 5 spell: Agony
  4485 | D:4      | Reached skill level 8 in Stealth
  4738 | D:4      | Slain by an ice beast

Illustrated notes

Levels and vault maps discovered:
D:1:      heliophobic_arrival_dark_side_of_the_moon, layout_basic, serial_shops,
          nicolae_diamond_shop, ebering_ecumenical_altar_ruins,
          roderic_lattice_a, minmay_cupped
D:2:      layout_basic, minmay_pentomino_w2
D:3:      layout_rooms, lemuel_round_altar, mainiacjoe_overflow_alcove_1
D:4:      minmay_octagon_keep, layout_rooms, uniq_sigmund
D:5:      layout_loops_ring, mainiacjoe_overflow_24_doors,
          gammafunk_ghost_arena, minmay_misc_feat_secret_circle

Skill      XL: |  1  2  3  4  5  6 |
---------------+-------------------+-----
Short Blades   | 3 4 |  4.0
Stealth        | 7 8 |  8.0
Dodging        | 3 |  3.6
Fighting       | 3 |  3.2
Throwing       | 1 |  1.4
Shields        | |  0.4
Spellcasting   | |  0.5
Conjurations   | |  0.4
Necromancy     | |  0.4
Earth Magic    | |  0.4
Evocations     | |  0.5

Action                   |  1- 3 |  4- 6 || total
-------------------------+-------+-------++-------
Melee: Short sword       |   187 |   151 ||   338
Throw: Dart              |       |    24 ||    24
       Boomerang         |       |     8 ||     8
Invok: Curse Item        |     2 |     2 ||     4
Evoke: Wand              |     1 |       ||     1
  Use: Scroll            |     3 |     1 ||     4
       Potion            |     1 |     3 ||     4
 Stab: Sleeping          |    15 |     8 ||    23
       Invisible         |       |     1 ||     1
Armor: Leather armour    |    70 |    27 ||    97
       Robe              |       |    12 ||    12
Dodge: Dodged            |   146 |   105 ||   251
